cohdb
Replays
Latest Replays
All Replays
Popular Replays
Top Player Replays
Match Explorer
How It Works
Community
CoH3 Stats
Reddit
Sign in to upload your games and track your stats! →
Sign in with Steam
Match 44754260
Unlisted
Match 44754260
Overview
Messages
Build Orders
End
Royal Engineer Section
Construct Section Command Post
Dingo Light Scout Car
Infantry Section
ML 3-inch Mortar Team
Infantry Section
Selects Canadian Shock Battlegroup
Selects Attacking Spirit
Selects Canadian Shock Section
Construct Platoon Command Post
Selects Incendiary Munitions
Humber Armored Car
Vickers Machine Gun Team
Grenade Package
Selects Pyrotechnics
Construct Field Infirmary
Infantry Training
6-pounder Anti-tank Gun Team
Vickers Machine Gun Team
Construct Company Command Post
Foot Guards Section
Crusader II Medium Tank
Crusader II Medium Tank
Selects Churchill Crocodile Heavy Tank
Selects Point Assault
6-pounder Anti-tank Gun Team
6-pounder Anti-tank Gun Team
Bootyquake
asunea
0
0
Comments
sign in to comment!
No comments posted yet!